 Dungeon Crawl Stone Soup version 0.31-a0-986-g5e6e4ef867 (webtiles) character file.

Game seed: 1376319359885585048

399 Naiya55 the Chopper (level 7, 0/56 HPs)
             Began as a Formicid Fighter on Nov 4, 2023.
             Was an Initiate of Ru.
             Slain by a black bear (3 damage)
             ... on level 5 of the Dungeon.
             The game lasted 00:05:07 (3751 turns).

Naiya55 the Chopper (Formicid Fighter)              Turns: 3751, Time: 00:05:07

Health: 0/56       AC:  6    Str: 23    XL:     7   Next: 10%
Magic:  7/7        EV:  8    Int:  7    God:    Ru [......]
Gold:   256        SH:  9    Dex: 13    Spells: 6/6 levels left

rFire   . . .        a - +0 war axe
rCold   . . .        i - +0 kite shield
rNeg    + . .        b - +0 scale mail
rPois   .            (helmet unavailable)
rElec   .            (no cloak)
rCorr   .            (no gloves)
SInv    +            (no boots)
Will    .....        l - amulet of faith Stlth
                     h - ring of positive energy
HPRegen 0.29/turn    (no ring)
MPRegen 0.10/turn

%: faith
@: no status effects
A: permanent stasis, dig shafts and tunnels, antennae 3, four strong arms
a: Dig, Shaft Self, Renounce Religion


You were on level 5 of the Dungeon.
You worshipped Ru.
Ru was noncommittal.
You visited 2 branches of the dungeon, and saw 6 of its levels.

You collected 256 gold pieces.

Inventory:

Hand Weapons
 a - a +0 war axe (weapon)
 p - a +0 flail
Armour
 b - a +0 scale mail (worn)
 i - a +0 kite shield (worn)
Jewellery
 h - a ring of positive energy (left hand)
 l - an amulet of faith (around neck)
Scrolls
 c - a scroll of amnesia {unknown}
 e - a scroll of enchant weapon {unknown}
 f - a scroll of teleportation {unknown}
 k - a scroll of blinking {unknown}
 n - 2 scrolls of fear {unknown}
 o - a scroll of immolation {unknown}
 r - a scroll of revelation {unknown}
 s - 2 scrolls of identify {unknown}
 t - a scroll of fog {unknown}
 v - a scroll of poison {unknown}
Potions
 d - a potion of might
 g - 2 potions of curing {unknown}
 j - a potion of magic {unknown}
 m - a potion of berserk rage {unknown}
 q - 2 potions of resistance {unknown}
 u - a potion of enlightenment {unknown}


   Skills:
 + Level 5.3 Fighting
 * Level 5.9 Axes
 - Level 3.2 Armour
 - Level 4.0 Shields


You had 6 spell levels left.
You didn't know any spells.
Your spell library contained the following spells:

 Spells                   Type           Power      Damage    Failure   Level
 Sublimation of Blood     Necr           0%         N/A       98%         2
 Petrify                  Tmut/Erth      0%         N/A       100%        4
 Irradiate                Conj/Tmut      0%         3d11      100%        5


Dungeon Overview and Level Annotations

Branches:
Dungeon (5/15)             Temple (1/1) D:4

Altars:
Ashenzari
Cheibriados
Elyvilon
Gozag
Hepliaklqana
Qazlal
Ru
Trog
Xom
The Shining One

Shops:
D:1 [


Innate Abilities, Weirdness & Mutations

You cannot be hasted, slowed, berserked, paralysed or teleported.
You can dig through walls and to a lower floor.
You have a pair of large antennae on your head. (SInv)
Your four strong arms can wield two-handed weapons with a shield.


Message History

You are too injured to fight recklessly!
You are too injured to fight recklessly!
You are too injured to fight recklessly!
You are too injured to fight recklessly!
You are too injured to fight recklessly!
You are too injured to fight recklessly!
You are too injured to fight recklessly!
You are too injured to fight recklessly!
You are too injured to fight recklessly!
You barely miss the black bear.
The black bear is severely wounded.
The black bear barely misses you. You block the black bear's attack.
The black bear claws you.
The black bear bites you but does no damage.
The black bear closely misses you. The black bear barely misses you.
You hit the black bear.
The black bear is almost dead.
The black bear barely misses you. You block the black bear's attack.
The black bear claws you.
The black bear bites you but does no damage.
The black bear claws you but does no damage.
The black bear claws you.
You barely miss the black bear.
The black bear is almost dead.
The black bear barely misses you.
The black bear claws you but does no damage.
You block the black bear's attack. The black bear bites you.
The black bear barely misses you. The black bear claws you.
You closely miss the black bear.
The black bear is almost dead.
The black bear barely misses you. The black bear claws you.
The black bear claws you but does no damage.
The black bear bites you. The black bear claws you. x2
* * * LOW HITPOINT WARNING * * *
You barely miss the black bear.
The black bear is almost dead.
The black bear bites you!
* * * LOW HITPOINT WARNING * * *
You block the black bear's attack. The black bear claws you.
You die...

##......#.#
+......#.# {
##...###.##########
#.#+##...........)
#### +............
#... #............
#....###...........
#.....~.###........
#.....~@..#........
#.....≈h..#........
#..###≈#..#........
#. #≈ ..#....#### .
{#≈ ..#....# ##
..#....# ..# ..#


You could see a black bear (berserk).

Vanquished Creatures
  An ogre (D:4)
  A scorpion (D:4)
  An orc priest (D:4)
  3 hounds
  An iguana (D:4)
  2 adders
  A worm (D:2)
  3 dart slugs
  7 orcs
  11 endoplasms
  3 giant cockroaches
  8 goblins
  5 hobgoblins
  4 jackals (D:1)
  3 quokkas (D:2)
  7 ball pythons
  5 bats
  A frilled lizard (D:3)
  7 kobolds
  6 rats
80 creatures vanquished.

Notes
Turn   | Place    | Note
-------+----------+-------------------------------------------
     0 | D:1      | Naiya55 the Formicid Fighter began the quest for the Orb.
     0 | D:1      | Reached XP level 1. HP: 18/18 MP: 1/1
    65 | D:1      | Reached XP level 2. HP: 13/24 MP: 2/2
   199 | D:1      | Found Laube Wiquz's Armour Emporium.
   476 | D:1      | Reached XP level 3. HP: 30/30 MP: 3/3
   704 | D:2      | Found a faded altar of an unknown god.
  1907 | D:3      | Reached XP level 4. HP: 37/37 MP: 4/4
  2325 | D:4      | Noticed an ogre
  2507 | D:4      | Reached XP level 5. HP: 35/42 MP: 5/5
  2605 | D:4      | Found a staircase to the Ecumenical Temple.
  2631 | Temple   | Entered the Ecumenical Temple
  2800 | D:4      | Found a sacrificial altar of Ru.
  2891 | D:4      | Reached skill level 5 in Axes
  2891 | D:4      | Reached XP level 6. HP: 34/50 MP: 6/6
  3042 | D:4      | Reached skill level 5 in Fighting
  3207 | D:4      | Noticed an ogre
  3218 | D:4      | Killed an ogre
  3219 | D:4      | Reached XP level 7. HP: 9/56 MP: 7/7
  3528 | D:4      | Became a worshipper of Ru the Awakened
  3545 | D:5      | Entered Level 5 of the Dungeon
  3751 | D:5      | Slain by a black bear

Illustrated notes

Levels and vault maps discovered:
D:1:      roadster_arrival_rocket_large, layout_basic, serial_shops, shop
D:2:      layout_loops_corners, basic_ecumenical_altar
D:3:      layout_basic, chequers_serial_rivers_room_a
D:4:      layout_basic, nicolae_ru_awakened_eye, minmay_temple_entry_offerings,
          minmay_circle_x
D:5:      nicolae_cairo_tiling_very_big, layout_gridville, old_standard_altar,
          chequers_temple_overflow_statue_of_worship,
          mainiacjoe_overflow_small_starburst, chequers_serial_rivers_micro_b
Temple:   kb_temple_of_zot

Skill      XL: |  1  2  3  4  5  6 |
---------------+-------------------+-----
Axes           | 3 4 5 |  5.9
Fighting       | 4 5 |  5.3
Armour         | |  3.2
Shields        | |  4.0

Action                     |  1- 3 |  4- 6 |  7- 9 || total
---------------------------+-------+-------+-------++-------
  Melee: War axe           |   108 |   116 |    21 ||   245
 Armour: Scale mail        |    76 |    71 |    41 ||   188
  Dodge: Dodged            |    52 |    35 |    13 ||   100
  Block: Buckler           |    22 |       |       ||    22
         Kite shield       |    28 |    57 |    18 ||   103

Table legend: (Time is in decaauts)
 A = Elapsed time spent in this place.
 B = Non-inter-level travel time spent in this place.
 C = Inter-level travel time spent in this place.
 D = Time resting spent in this place.
 E = Time spent auto-exploring this place.
 F = Levels seen in this place.
 G = Mean time per level.
                   A        B        C        D        E       F      G
               +--------+--------+--------+--------+--------+-----+--------+
         Total |   3854 |   3684 |    170 |    111 |   2775 |   6 |  642.3 |
       Dungeon |   3814 |   3665 |    149 |    111 |   2775 |   5 |  762.8 |
        Temple |     40 |     19 |     21 |      0 |      0 |   1 |   40.0 |
               +--------+--------+--------+--------+--------+-----+--------+

Top non-repeatable levels by time:
     D:4: 1056 daAuts
     D:2: 953 daAuts
     D:3: 840 daAuts
     D:1: 752 daAuts
     D:5: 212 daAuts
  Temple: 40 daAuts
